 Dungeon Crawl Stone Soup version 0.19.5 (webtiles) character file.

354 Macharius the Chopper (level 6, -6/32 HPs)
             Began as a Vine Stalker Fighter on Apr 15, 2017.
             Mangled by an ogre
             ... wielding a +0 giant club
              (18 damage)
             ... on level 4 of the Dungeon.
             The game lasted 00:14:31 (2014 turns).

Macharius the Chopper (Vine Stalker Fighter)        Turns: 2014, Time: 00:14:32

Health: -6/32      AC: 13    Str: 21    XL:     6   Next: 62%
Magic:  0/7        EV:  8    Int:  8    God:
Gold:   100        SH:  9    Dex: 13    Spells: 0 memorised, 5 levels left

rFire  . . .     SeeInvis +     a - +0 war axe
rCold  . . .     Gourm    .     g - +0 pearl dragon scales
rNeg   + . .     Faith    .     c - +0 shield
rPois  .         Spirit   +     p - +0 helmet
rElec  .         Reflect  .     (no cloak)
rCorr  .         Harm     .     (no gloves)
MR     .....                    (no boots)
Stlth  ..........               (no amulet)
                                j - ring of see invisible
                                C - +1 ring of protection

@: no status effects
A: fangs 2, regeneration 1, magic shield, antimagic bite, no device heal 3, rot
immunity
a: no special abilities


You were on level 4 of the Dungeon.
You were not hungry.

You visited 1 branch of the dungeon, and saw 4 of its levels.

You collected 100 gold pieces.

Inventory:

Hand Weapons
 a - a +0 war axe (weapon)
Armour
 b - a +0 scale mail
 c - a +0 shield (worn)
 g - +0 pearl dragon scales (worn)
 p - a +0 helmet (worn)
 y - a +0 chain mail
Jewellery
 j - a ring of see invisible (right hand)
 r - an uncursed ring of fire
 v - a +2 ring of intelligence
 C - a +1 ring of protection (left hand)
Wands
 D - a wand of lightning (13/15)
Scrolls
 e - 3 scrolls of noise {unknown}
 h - a scroll of immolation {unknown}
 k - a scroll of enchant weapon {unknown}
 o - 2 scrolls of amnesia {unknown}
 s - 5 scrolls of remove curse
 u - a scroll of magic mapping {unknown}
Potions
 d - 2 potions of might
 i - a potion of berserk rage
 l - a potion of ambrosia {unknown}
 n - 2 potions of curing
 t - a potion of brilliance
 x - 2 potions of magic {unknown}
 z - a potion of heal wounds {unknown}
 A - a potion of flight {unknown}
Books
 w - a book of Cantrips

   Spells                             Type                      Level
   a - Confusing Touch                Hexes                        1
   b - Animate Skeleton               Necromancy                   1
   c - Summon Small Mammal            Summoning                    1
   d - Apportation                    Translocation                1
Comestibles
 f - 2 bread rations
 m - a meat ration
 q - 2 royal jellies
 B - a slice of pizza


   Skills:
 + Level 3.4 Fighting
 + Level 4.1 Axes
 + Level 2.9 Armour
 + Level 1.8 Dodging
 + Level 1.0 Stealth
 + Level 3.6 Shields


You had 5 spell levels left.
You didn't know any spells.

Dungeon Overview and Level Annotations

Branches:
Dungeon (4/15)
 Temple: D:4-7

Altars:
The Shining One


Innate Abilities, Weirdness & Mutations

You have extremely sharp teeth.
Your natural rate of healing is unusually fast.
When hurt, damage is shared between your health and your magic reserves.
Your bite disrupts and absorbs the magic of your enemies.
Potions and wands cannot restore your health.
You are immune to rotting.


Message History

You hit the ogre but do no damage. You bite the ogre, but do no damage.
The ogre is lightly wounded.
The ogre barely misses you.
You barely miss the ogre. You bite the ogre, but do no damage.
The ogre is lightly wounded.
The ogre barely misses you.
You hit the ogre. Your bite misses the ogre.
The ogre is lightly wounded.
The ogre barely misses you.
You hit the ogre but do no damage.
The ogre is lightly wounded.
The ogre hits you with a giant club!
Your shield and pearl dragon scales prevent you from hitting the ogre.
The ogre is lightly wounded.
You block the ogre's attack.
You hit the ogre.
The ogre is lightly wounded.
The ogre hits you with a giant club!!
Ouch! That really hurt!
You die...

#..#.##.##.#####.#
#..#.....(....##.#
........##.......#
##########.##.#..#
##########.......#
.......#.........#
...#...#.#.##....#####..
..###..#.#..................
(## ##...#.##...@..........
†.###..###.#..#.O...........
..# ...#...#
#...###.###....... ##.
......)# #... ..# #.#....
... .[....## #.## .##
#.#...# #. ......# #. ##
#.#...# #. ####..# #.....#
#. #..# ######...# #. ...
#...)....# #.


You could see an ogre.

Vanquished Creatures
  3 orc priests
  A centaur skeleton (D:4)
  2 orc wizards (D:3)
  A worker ant (D:4)
  A hound skeleton (D:3)
  Robin (D:2)
  5 adders
  An ooze (D:4)
  A worm (D:3)
  2 dart slugs
  4 leopard geckos
  8 orcs
  5 bats
  2 giant cockroaches
  16 goblins
  8 hobgoblins
  3 kobolds
  2 quokkas (D:3)
  A ball python (D:2)
  2 frilled lizards
  2 leopard gecko skeletons
  6 rats
  A plant (D:3)
78 creatures vanquished.

Notes
Turn   | Place    | Note
-------+----------+-------------------------------------------
     0 | D:1      | Macharius the Vine Stalker Fighter began the quest for the Orb.
     0 | D:1      | Reached XP level 1. HP: 11/11 MP: 2/2
   125 | D:1      | Reached XP level 2. HP: 9/16 MP: 3/3
   489 | D:2      | Noticed Robin
   519 | D:2      | Reached XP level 3. HP: 5/20 MP: 1/4
   524 | D:2      | HP: 1/20 [goblin[Robin] (1)]
   548 | D:2      | Killed Robin
   548 | D:2      | Reached skill level 2 in Axes
   952 | D:3      | Reached skill level 1 in Dodging
   952 | D:3      | Reached skill level 1 in Stealth
   952 | D:3      | Gained mutation: Your natural rate of healing is unusually fast. [Vine Stalker growth]
   952 | D:3      | Reached XP level 4. HP: 24/24 MP: 5/5
  1292 | D:3      | Found a faded altar of an unknown god.
  1292 | D:3      | Found a glowing golden altar of the Shining One.
  1306 | D:3      | Reached XP level 5. HP: 28/28 MP: 6/6
  1313 | D:3      | Reached skill level 3 in Axes
  1314 | D:3      | Found a faded altar of an unknown god.
  1322 | D:3      | Found a faded altar of an unknown god.
  1349 | D:3      | Found a faded altar of an unknown god.
  1586 | D:3      | Reached XP level 6. HP: 32/32 MP: 5/7
  1946 | D:4      | Reached skill level 4 in Axes
  2014 | D:4      | Mangled by an ogre

Skill      XL: |  1  2  3  4  5  6 |
---------------+-------------------+-----
Fighting       | 3 |  3.4
Shields        | 3 |  3.6
Axes           | 2 3 4 |  4.1
Dodging        | 1 |  1.8
Stealth        | 1 |  1.0
Armour         | |  2.9

Action                   |  1- 3 |  4- 6 || total
-------------------------+-------+-------++-------
Melee: War axe           |    97 |   146 ||   243
       Bite              |    22 |    44 ||    66
  Use: Potion            |     1 |       ||     1
       Scroll            |       |     8 ||     8
  Eat: Chunk             |       |     2 ||     2
       Meat ration       |       |     1 ||     1
Armor: Pearl dragon scal |    95 |    54 ||   149
       Scale mail        |     1 |       ||     1
Dodge: Dodged            |    46 |    42 ||    88
Block: Shield            |    85 |    52 ||   137
